 Dungeon Crawl Stone Soup version 0.24.1-8-ga250c9d538 (webtiles) character file.

Game seed: 4813927972890624714, levelgen mode: deterministic

1356 Gabide the Cutter (level 8, 0/61 HPs)
             Began as a Human Chaos Knight on Apr 29, 2020.
             Was a Plaything of Xom.
             Slain by a jackal (3 damage)
             ... on level 6 of the Dungeon.
             The game lasted 00:24:26 (5697 turns).

Gabide the Cutter (Human Chaos Knight)              Turns: 5697, Time: 00:24:27

Health: 0/61       AC:  0    Str: 11    XL:     8   Next: 95%
Magic:  7/7        EV: 10    Int: 12    God:    Xom [..*...]
Gold:   205        SH: 12    Dex: 13    Spells: 6/7 levels left

rFire    . . .     SeeInvis .   a - +3 short sword (chaos)
rCold    . . .     Gourm    .   l - +3 shield "Fuocsaqa" {Regen+}
rNeg     . . .     Faith    .   p - +1 leather armour {MR+}
rPois    +         Spirit   .   h - +0 helmet
rElec    .         Reflect  .   (no cloak)
rCorr    .         Harm     .   (no gloves)
MR       +....                  f - +0 pair of boots
Stlth    +++.......             q - amulet of rage
HPRegen  0.60/turn              d - ring of poison resistance
MPRegen  0.10/turn              s - +2 ring of protection

@: lethally poisoned (0 -> 0), corroded
A: blurry vision 1, clumsy 1, low mp 1, weak 1
a: Renounce Religion, Evoke Berserk Rage


You were on level 6 of the Dungeon.
You worshipped Xom.
You were a toy of Xom.
You were very hungry.

You visited 1 branch of the dungeon, and saw 7 of its levels.

You collected 205 gold pieces.

Inventory:

Hand Weapons
 a - a +3 short sword of chaos (weapon)
Missiles
 n - a boomerang (quivered)
Armour
 b - a +2 leather armour
 f - a +0 pair of boots (worn)
 g - a +1 robe of cold resistance
 h - a +0 helmet (worn)
 l - the +3 shield "Fuocsaqa" (worn) {Regen+}
   (You found it on level 6 of the Dungeon)

   It increases your rate of regeneration.
 p - a +1 leather armour of magic resistance (worn)
Magical Staves
 m - an uncursed staff of power
 v - an uncursed staff of energy
Jewellery
 d - a ring of poison resistance (left hand)
 j - an uncursed ring of protection from magic
 q - an amulet of rage (around neck)
 s - a +2 ring of protection (right hand)
 t - an uncursed ring of positive energy
 x - an uncursed ring of fire {unknown}
Wands
 o - a wand of flame (57)
 r - a wand of disintegration (16)
 z - a wand of paralysis (5)
Scrolls
 u - a scroll of blinking
 w - a scroll of teleportation {unknown}
 y - a scroll of identify
 A - a scroll of remove curse
 B - a scroll of random uselessness {unknown}
Potions
 e - a potion of haste
 i - a potion of curing {unknown}
 k - a potion of heal wounds {unknown}
 C - a potion of cancellation {unknown}
Comestibles
 c - 12 rations


   Skills:
 - Level 4.4 Fighting
 - Level 6.3 Short Blades
 - Level 3.2 Armour
 - Level 3.0 Dodging
 - Level 5.3 Stealth
 * Level 4.3 Shields


You had 6 spell levels left.
You knew the following spells:

 Your Spells              Type           Power        Failure   Level  Hunger
a - Confusing Touch       Hex            #.....       86%         1    ##.....

Your spell library contained the following spells:

 Spells                   Type           Power        Failure   Level  Hunger
 Beastly Appendage        Tmut           #.....       86%         1    ##.....
 Magic Dart               Conj           #...         86%         1    ##.....
 Blink                    Tloc           N/A          95%         2    ###....
 Call Imp                 Summ           #.......     95%         2    ###....
 Slow                     Hex            #.......     95%         2    ###....
 Sticks to Snakes         Tmut           #.......     95%         2    ###....
 Confuse                  Hex            #.......     99%         3    ####...
 Conjure Flame            Conj/Fire      #.......     99%         3    ####...
 Gell's Gravitas          Tloc           #.........   99%         3    ####...
 Mephitic Cloud           Conj/Pois/Air  #.......     99%         3    ####...
 Spider Form              Tmut/Pois      #.........   99%         3    ####...
 Ice Form                 Ice/Tmut       #.......     100%        4    #####..
 Petrify                  Tmut/Erth      #.......     100%        4    #####..
 Blade Hands              Tmut           #.........   100%        5    ######.
 Metabolic Englaciation   Hex/Ice        #.........   100%        5    ######.
 Yara's Violent Unravell  Hex/Tmut       #.........   100%        5    ######.


Dungeon Overview and Level Annotations

Branches:
Dungeon (7/15)             Temple (0/1) D:5

Altars:
Cheibriados
Dithmenos
Kikubaaqudgha
Okawaru
Ru
Uskayaw
Vehumet
Xom
Yredelemnul

Annotations:
D:3 2 transporters


Innate Abilities, Weirdness & Mutations

Scrolls take you a little longer to read.
You are clumsy. (Dex -2)
Your magical capacity is low. (-10% MP)
You are weak. (Str -2)


Message History

You feel sick. You block the jackal's attack. The adder barely misses you.
You hit the adder but do no damage.
The adder is almost dead.
The jackal barely misses you. You block the adder's attack.
You block the jackal's attack.
You closely miss the adder.
The adder is almost dead.
The adder bites you.
* * * LOW HITPOINT WARNING * * *
The jackal bites you.
* * * LOW HITPOINT WARNING * * *
You hit the adder.
You kill the adder!
The jackal bites you.
* * * LOW HITPOINT WARNING * * *
You hit the jackal. You freeze the jackal.
The jackal is heavily wounded.
You feel sick. The jackal bites you.
You die...
Xom yawns loudly!

#...# #.#...... #...#
#.####...
#...######.####...
#.........#.#.#...
#........#.#.#[#+#
#.........#.#.#.#.
#......#.#.#.#.#.#
#.#####.#.#.#.#.#.
#######@h....#.#.#.#.#.#
#....########.#.#.#.#.#.
##.##.# ##.#.#.#.#.#
#..<#.### #.#.#.#.#.#.
##......# ##.#.#.#+#.#
#..#.#.######.........#.
#..#.....>...#........+#
##.####.#####.........#.
#...........#.........#


You could see a jackal.

Vanquished Creatures
  Sigmund (D:2)
  A sky beast (D:6)
  A phantom (D:4)
  2 ogres
  A bullfrog (D:6)
  A howler monkey (D:5)
  A crimson imp (D:5)
  2 jellies
  A hound (D:6)
  2 centaur skeletons (D:4)
  2 orc wizards
  2 bullfrog skeletons
  Natasha (D:2)
  A worker ant (D:5)
  4 gnolls (D:4)
  5 adders
  2 shadow imps (D:5)
  An ooze (D:3)
  A worm (D:3)
  A dart slug (D:3)
  4 leopard geckos
  18 orcs
  3 ball pythons
  10 bats
  4 giant cockroaches
  2 gnoll zombies (D:3)
  7 goblins
  10 hobgoblins
  2 jackals (D:2)
  2 quokkas
  2 frilled lizards
  9 kobolds
  2 leopard gecko skeletons (D:4)
  9 rats
117 creatures vanquished.

Vanquished Creatures (collateral kills)
  4 gnolls (D:2)
  A worm (D:2)
  A dart slug (D:2)
  An orc (D:4)
  A goblin (D:2)
  3 bats (D:2)
  2 kobolds (D:2)
  A rat (D:2)
14 creatures vanquished.

Vanquished Creatures (others)
  A hippogriff (shapeshifter) (D:4)
1 creature vanquished.

Grand Total: 132 creatures vanquished

Notes
Turn   | Place    | Note
-------+----------+-------------------------------------------
     0 | D:1      | Gabide the Human Chaos Knight began the quest for the Orb.
     0 | D:1      | Reached XP level 1. HP: 18/18 MP: 1/1
   262 | D:1      | XOM: potion effect (invisibility)
   263 | D:1      | Reached XP level 2. HP: 22/24 MP: 2/2
   353 | D:1      | XOM: harmless Tloc miscast
   405 | D:1      | Reached skill level 1 in Stealth
   624 | D:1      | Reached XP level 3. HP: 29/29 MP: 3/3
   882 | D:1      | XOM: cloud trail
  1085 | D:2      | Noticed Sigmund
  1085 | D:2      | XOM: fog
  1097 | D:2      | Killed Sigmund
  1097 | D:2      | Reached skill level 4 in Short Blades
  1097 | D:2      | Reached XP level 4. HP: 18/36 MP: 4/4
  1097 | D:2      | Reached XP level 5. HP: 21/41 MP: 5/5
  1327 | D:2      | XOM: harmless Tloc miscast
  1517 | D:2      | Reached XP level 6. HP: 23/47 MP: 6/6
  1536 | D:2      | XOM: summons 3 hostile demons
  1804 | D:2      | XOM: summons 4 hostile shadow creatures
  1847 | D:2      | XOM: god gift: ration
  1918 | D:2      | XOM: cast spell 'Summon Dragon'
  2050 | D:2      | XOM: give mutations
  2050 | D:2      | Gained mutation: You are weak. (Str -2) [Xom's mischief]
  2050 | D:2      | Gained mutation: Your magical capacity is low. (-10% MP)
                  | [Xom's mischief]
  2050 | D:2      | Gained mutation: You are clumsy. (Dex -2) [Xom's mischief]
  2050 | D:2      | Gained mutation: Scrolls take you a little longer to read.
                  | [Xom's mischief]
  2097 | D:2      | Noticed Natasha
  2107 | D:2      | Killed Natasha
  2122 | D:2      | XOM: cloud trail
  2235 | D:2      | Found an ancient bone altar of Kikubaaqudgha.
  2435 | D:3      | Found a transporter.
  2440 | D:3      | Found a hide-covered altar of Uskayaw.
  2456 | D:3      | XOM: harmless Conj miscast
  2475 | D:3      | Noticed a +0 hand axe
  2475 | D:3      | Noticed a +0 hand axe
  2606 | D:3      | XOM: enchant monster (bad)
  2776 | D:3      | Found a transporter.
  2815 | D:3      | XOM: harmless Fire miscast
  2867 | D:3      | Found a basalt altar of Yredelemnul.
  3009 | D:4      | Found an iron altar of Okawaru.
  3024 | D:4      | Reached XP level 7. HP: 44/53 MP: 6/6
  3038 | D:4      | Noticed a shapeshifter
  3038 | D:4      | Noticed a hippogriff
  3038 | D:4      | a shapeshifter changed into a hippogriff
  3058 | D:4      | Banished a hippogriff
  3058 | D:4      | Reached skill level 5 in Short Blades
  3125 | D:4      | XOM: medium Necr miscast
  3339 | D:4      | XOM: cast spell 'Call Canine Familiar'
  3376 | D:4      | XOM: summons 2 friendly demons
  3475 | D:3      | XOM: medium Tmut miscast
  3672 | D:4      | Reached skill level 6 in Short Blades
  3672 | D:4      | Reached XP level 8. HP: 55/60 MP: 7/7
  3796 | D:4      | Found a snail-covered altar of Cheibriados.
  3797 | D:4      | Found a radiant altar of Vehumet.
  3797 | D:4      | Found a sacrificial altar of Ru.
  3829 | D:4      | XOM: divination: detect items
  4007 | D:5      | Entered Level 5 of the Dungeon
  4102 | D:5      | XOM: stat loss: -1 Str (10/11)
  4168 | D:5      | XOM: scenery: create altars
  4199 | D:5      | Reached skill level 5 in Stealth
  4504 | D:5      | XOM: cloud trail
  4510 | D:5      | Found a staircase to the Ecumenical Temple.
  4553 | D:5      | Found a shadowy altar of Dithmenos.
  4628 | D:5      | XOM: cloud trail
  4980 | D:6      | Learned a level 1 spell: Confusing Touch
  5058 | D:6      | XOM: silly message
  5153 | D:6      | Got a jewelled shield
  5159 | D:6      | Identified the +3 shield "Fuocsaqa" {Regen+} (You found it
                  | on level 6 of the Dungeon)
  5186 | D:6      | XOM: harmless Pois miscast
  5274 | D:6      | XOM: cast spell 'Summon Small Mammal'
  5358 | D:6      | XOM: divination: magic mapping
  5668 | D:7      | XOM: harmless Necr miscast
  5697 | D:6      | HP: 3/61 [poisoned by an adder]
  5697 | D:6      | Slain by a jackal

Levels and vault maps discovered:
D:1:      minmay_arrival_stair_chambers, layout_loops_ring, minmay_tromino_v2
D:2:      layout_basic, lemuel_doored_altar, uniq_natasha, uniq_sigmund
D:3:      gammafunk_steamed_eel, layout_rooms, dancing_weapons_uskayaw,
          lemuel_zombie_altar_yredelemnul
D:4:      layout_rooms, okawaru_trees_1,
          chequers_temple_overflow_statue_of_worship
D:5:      layout_loops_corners, nicolae_dithmenos_shadow_blocks,
          minmay_temple_entry_junction, first_ration, portal_sewer_entry_e
D:6:      layout_basic, minmay_misc_feat_rows
D:7:      layout_rooms, fedhas_altar_decomposition, marbit_many_paths

Skill      XL: |  1  2  3  4  5  6  7  8 |
---------------+-------------------------+-----
Stealth        | 1 3 4 5 |  5.3
Short Blades   | 4 6 |  6.3
Dodging        | 2 3 |  3.0
Fighting       | 4 |  4.4
Armour         | 3 |  3.2
Shields        | 4 |  4.3

Action                   |  1- 3 |  4- 6 |  7- 9 || total
-------------------------+-------+-------+-------++-------
Melee: Short sword       |    60 |   212 |   180 ||   452
Throw: Boomerang         |       |     2 |    11 ||    13
       Stone             |       |     2 |       ||     2
       Throwing net      |       |       |     1 ||     1
Evoke: Wand              |       |       |     3 ||     3
  Use: Scroll            |     4 |       |     7 ||    11
       Potion            |       |     2 |       ||     2
 Stab: Sleeping          |     4 |     5 |     6 ||    15
       Invisible         |     1 |       |       ||     1
       Petrified         |     3 |       |       ||     3
       Paralysed         |       |     1 |     3 ||     4
       Confused          |       |     1 |     1 ||     2
       Distracted        |       |     1 |       ||     1
  Eat: Chunk             |       |     3 |     1 ||     4
       Ration            |       |     1 |     2 ||     3
Armor: Leather armour    |    15 |    63 |    46 ||   124
Dodge: Dodged            |    26 |   128 |    88 ||   242
Block: Shield            |       |       |    33 ||    33
